 Dungeon Crawl Stone Soup version 0.30.1-11-g7821555f0a (webtiles) character file.

Game seed: 11600675432231772236

817 anacleto the Reanimator (level 7, -4/36 HPs)
             Began as a Deep Elf Necromancer on Dec 8, 2023.
             Succumbed to an orc warrior's poison
             ... on level 6 of the Dungeon.
             The game lasted 00:25:36 (6061 turns).

anacleto the Reanimator (Deep Elf Necromancer)      Turns: 6061, Time: 00:25:37

Health: -4/36      AC:  2    Str:  5    XL:     7   Next: 62%
Magic:  16/17      EV: 14    Int: 22    God:
Gold:   63         SH:  0    Dex: 15    Spells: 4/17 levels left

rFire   . . .        a - +0 short sword (drain)
rCold   . . .        (no shield)
rNeg    . . .        j - +0 robe
rPois   .            (no helmet)
rElec   .            (no cloak)
rCorr   .            (no gloves)
SInv    .            (no boots)
Will    .....        (no amulet)
Stlth   +++          (no ring)
HPRegen 0.26/turn    (no ring)
MPRegen 0.15/turn

%: no passive effects
@: lethally poisoned (-4 -> -28), animating dead
A: no striking features
a: no special abilities


You were on level 6 of the Dungeon.
You visited 1 branch of the dungeon, and saw 6 of its levels.
You also visited: Ossuary.

You collected 228 gold pieces.
You spent 165 gold pieces at shops.

Inventory:

Hand Weapons
 a - a +0 short sword of draining (weapon)
Missiles
 e - 19 poisoned darts (quivered)
 f - 70 stones
 D - 2 silver boomerangs
Armour
 i - an orb of light
 j - a +0 robe (worn)
Magical Staves
 y - the staff of earth "Giapnod" {rElec rC+ rCorr}
   (You found it on level 4 of the Dungeon)

   [staff of earth]

   Base accuracy: +5 Base damage: 5 Base attack delay: 1.2 This weapon's minimum
   attack delay (0.6) is reached at skill level 12.
   rC:        It protects you from cold.
   rElec:     It insulates you from electricity.
   rCorr:     It protects you from acid and corrosion.
   It falls into the 'Staves' category.
   It is a one-handed weapon.
Jewellery
 o - a ring of magical power
 t - a ring of fire
 z - a ring of protection from cold
 A - a ring of flight
Wands
 s - a wand of quicksilver (3)
 u - a wand of roots (1)
 E - a wand of flame (19)
Scrolls
 c - 2 scrolls of amnesia
 d - a scroll of identify
 k - a scroll of summoning
 n - 2 scrolls of torment
 q - a scroll of poison
 v - a scroll of enchant armour {unknown}
 B - a scroll of fog {unknown}
 C - 3 scrolls of vulnerability {unknown}
Potions
 b - a potion of magic
 g - 8 potions of curing
 h - 3 potions of heal wounds
 m - 2 potions of degeneration {unknown}
 p - a potion of brilliance {unknown}
 r - a potion of flight {unknown}
 w - 4 potions of attraction {unknown}
 x - a potion of ambrosia {unknown}


   Skills:
 + Level 5.1 Dodging
 + Level 5.4 Stealth
 + Level 5.7 Spellcasting
 * Level 8.2 Necromancy


You had 4 spell levels left.
You knew the following spells:

 Your Spells              Type           Power      Damage    Failure   Level
a - Necrotise             Necr           100%       1d9       1%          1
b - Vampiric Draining     Necr           42%        2d9       1%          3
c - Animate Dead          Necr           42%        N/A       3%          4
d - Agony                 Necr           42%        N/A       9%          5

Your spell library contained the following spells:

 Spells                   Type           Power      Damage    Failure   Level
 Summon Small Mammal      Summ           24%        N/A       10%         1
 Call Canine Familiar     Summ           6%         N/A       28%         3
 Dazzling Flash           Conj/Hex       12%        N/A       28%         3
 Frozen Ramparts          Ice            12%        1d2       28%         3
 Summon Guardian Golem    Hex/Summ       6%         N/A       28%         3
 Ice Form                 Ice/Tmut       6%         N/A       67%         4
 Summon Ice Beast         Ice/Summ       6%         N/A       67%         4
 Silence                  Hex/Air        3%         N/A       95%         5


Dungeon Overview and Level Annotations

Branches:
Dungeon (6/15)            Ossuary (visited)
 Temple: D:4-7

Altars:
Hepliaklqana
Makhleb
Uskayaw
Xom

Shops:
D:5 ![


Message History

You are poisoned.
You hit the orc warrior but do no damage.
The orc warrior is heavily wounded.
You feel very sick.
The orc warrior hits you but does no damage.
You are more poisoned.
You closely miss the orc warrior.
The orc warrior is heavily wounded.
You feel very sick.
You feel very sick. The orc misses you. The orc warrior closely misses you.
You see here a poisoned dart.
You hit the orc but do no damage. You drain the orc.
The orc is heavily wounded.
You feel very sick. The orc barely misses you.
The orc warrior hits you with a +0 short sword of venom.
You hit the orc.
The orc is heavily wounded.
You feel sick. The orc closely misses you.
The orc warrior hits you but does no damage.
You are lethally poisoned!
You hit the orc but do no damage.
The orc is heavily wounded.
You feel very sick. The orc closely misses you.
The orc warrior hits you with a +0 short sword of venom.
* * * LOW HITPOINT WARNING * * *
You are more poisoned.
You hit the orc but do no damage.
The orc is heavily wounded.
* * * LOW HITPOINT WARNING * * *
You feel very sick. The orc closely misses you.
The orc warrior hits you but does no damage.
You are more poisoned.
You hit the orc but do no damage. You drain the orc.
You kill the orc!
The dead are walking!
You die...

....#.#.##.........#
....#.#.####.#####.#
.........#.#####.##
..................#
..###.#.#.##..####.##
..........##..# #.# ##.
.###.....##..# #.#
.....###.#...##..####.##
.(....)@o...............
##..Z###.#...##.###.....
#. #................
#..#.............
....$....###.....
#..#..##.# #.....
#....## ......... .... .
........ ###.###
..##.....


You could see an orc warrior (very drained, ally target) and a friendly orc
zombie.

Vanquished Creatures
  An ogre (D:4)
  2 scorpions (D:4)
  2 hounds
  2 orc priests
  A jelly (D:5)
  Ijyb (D:3)
  Jessica (D:2)
  Natasha (thrice) (D:2)
  2 orc wizards
  A sleepcap (D:5)
  A gnoll (D:3)
  12 adders
  A worm zombie (D:4)
  A worm (D:3)
  A dart slug (D:4)
  24 orcs
  5 ball pythons
  2 bats
  5 endoplasms
  4 giant cockroaches
  6 goblins
  5 hobgoblins
  11 jackals
  8 kobolds
  3 quokkas
  A frilled lizard (D:1)
  A jackal zombie (D:4)
  10 rats
117 creatures vanquished.

Vanquished Creatures (collateral kills)
  A dart slug (D:5)
  A hobgoblin (D:3)
  A rat (D:3)
3 creatures vanquished.

Vanquished Creatures (others)
  4 adder zombies
  A dart slug zombie (D:5)
  A gnoll zombie (D:3)
  10 orc zombies
16 creatures vanquished.

Grand Total: 136 creatures vanquished

Notes
Turn   | Place    | Note
-------+----------+-------------------------------------------
     0 | D:1      | anacleto the Deep Elf Necromancer began the quest for the
                  | Orb.
     0 | D:1      | Reached XP level 1. HP: 10/10 MP: 6/6
   155 | D:1      | Reached skill level 5 in Necromancy
   190 | D:1      | Reached XP level 2. HP: 15/15 MP: 6/8
   533 | D:1      | Reached XP level 3. HP: 19/19 MP: 5/9
   797 | D:2      | Learned a level 3 spell: Vampiric Draining
   928 | D:2      | Noticed Jessica
   935 | D:2      | Killed Jessica
  1087 | D:2      | Reached XP level 4. HP: 24/24 MP: 9/11
  1351 | D:2      | Found a faded altar of an unknown god.
  1485 | D:2      | Identified the +0 ring mail "Zothig" {Harm Drain rF+}
  1486 | D:2      | Noticed Natasha
  1492 | D:2      | Killed Natasha
  1530 | D:2      | Reached skill level 6 in Necromancy
  1748 | D:2      | Noticed Natasha
  1752 | D:2      | Killed Natasha
  1753 | D:2      | Reached XP level 5. HP: 28/28 MP: 3/13
  1758 | D:2      | Learned a level 4 spell: Animate Dead
  1923 | D:3      | Found a hide-covered altar of Uskayaw.
  2402 | D:2      | Noticed Natasha
  2892 | D:2      | Killed Natasha
  3222 | D:3      | Noticed Ijyb
  3244 | D:3      | Killed Ijyb
  3434 | D:3      | Found a shimmering altar of Xom.
  3493 | D:3      | Reached XP level 6. HP: 32/32 MP: 10/14
  3657 | D:4      | Reached skill level 7 in Necromancy
  3955 | D:4      | Found a sand-covered staircase.
  3967 | Ossuary  | Entered an ossuary
  4279 | D:4      | Identified the staff of earth "Giapnod" {rElec rC+ rCorr}
  4606 | D:4      | Reached skill level 5 in Spellcasting
  4609 | D:4      | Reached XP level 7. HP: 32/36 MP: 5/16
  4857 | D:4      | Reached skill level 5 in Stealth
  5064 | D:4      | Found a hazy altar of Hepliaklqana.
  5099 | D:5      | Entered Level 5 of the Dungeon
  5140 | D:5      | Learned a level 5 spell: Agony
  5394 | D:5      | Reached skill level 5 in Dodging
  5394 | D:5      | Reached skill level 8 in Necromancy
  5512 | D:5      | Found Gudan's Distillery.
  5524 | D:5      | Bought a potion of curing for 45 gold pieces
  5524 | D:5      | Bought a potion of curing for 45 gold pieces
  5524 | D:5      | Bought a potion of heal wounds for 75 gold pieces
  5565 | D:5      | Found Taropluth's Antique Armour Shop.
  5637 | D:5      | Found a burning altar of Makhleb.
  5641 | D:5      | Identified the staff of air "Tiggekak" {rElec Will+}
  6060 | D:6      | HP: 1/36 [poisoned by an orc warrior]
  6061 | D:6      | Succumbed to an orc warrior's poison

Illustrated notes

Levels and vault maps discovered:
D:1:      lemuel_arrival_cross, layout_rooms, minmay_misc_feat_rows
D:2:      layout_basic, shapermc_ecumenical_altar_mp_vishouse, uniq_natasha,
          uniq_jessica
D:3:      layout_loops_cross, mainiacjoe_overflow_alcove_4,
          mainiacjoe_overflow_paths, uniq_ijyb
D:4:      layout_basic, nzn_hepliaklqana_mist_gate, enter_ossuary_3
D:5:      layout_rooms, mainiacjoe_overflow_alcove_2, serial_shops,
          nicolae_shop_hallway_stairs, nicolae_shop_crystal
D:6:      layout_basic, led_sif_book, due_unseen_surprise

Skill      XL: |  1  2  3  4  5  6  7 |
---------------+----------------------+-----
Necromancy     | 5 6 7 8 |  8.2
Stealth        | 3 4 5 |  5.4
Dodging        | 3 4 5 |  5.1
Spellcasting   | 4 5 |  5.7

Action                     |  1- 3 |  4- 6 |  7- 9 || total
---------------------------+-------+-------+-------++-------
  Melee: Unarmed           |     6 |       |       ||     6
         Short sword       |     5 |   110 |    59 ||   174
         Punch             |       |     1 |       ||     1
  Throw: Dart              |       |       |     3 ||     3
   Cast: Necrotise         |    46 |    63 |    15 ||   124
         Vampiric Draining |       |    24 |    26 ||    50
         Animate Dead      |       |     4 |     4 ||     8
    Use: Scroll            |       |     2 |     5 ||     7
         Potion            |       |       |     3 ||     3
   Stab: Distracted        |       |     1 |       ||     1
 Armour: Robe              |       |    36 |    10 ||    46
  Dodge: Dodged            |    12 |   139 |    73 ||   224
